 Dungeon Crawl Stone Soup version 0.29-a0-72-g1732ff48e7 (webtiles) character file.

Game seed: 3786778609640439130

50 HallandMoats the Ruffian (level 3, 0/33 HPs)
             Began as a Ghoul Monk on Feb 4, 2022.
             Was a Priest of Cheibriados.
             Splashed by a jelly's acid (1 damage)
             ... on level 3 of the Dungeon.
             The game lasted 00:03:22 (2119 turns).

HallandMoats the Ruffian (Ghoul Monk)               Turns: 2119, Time: 00:03:22

Health: 0/33       AC: -5    Str: 23    XL:     3   Next: 79%
Magic:  3/3        EV:  9    Int: 12    God:    Cheibriados [***...]
Gold:   126        SH:  0    Dex: 18    Spells: 2/2 levels left

rFire   . . .      SeeInvis .     - Unarmed
rCold   + . .      Faith    .   (no shield)
rNeg    + + +      Spirit   .   h - +0 chain mail
rPois   ∞          Reflect  .   (no helmet)
rElec   .          Harm     .   f - +0 cloak
rCorr   .          Rampage  .   (no gloves)
Will    .....                   a - +0 pair of boots
Stlth   ..........              (no amulet)
HPRegen 0.00/turn               (no ring)
MPRegen 0.08/turn               (no ring)

@: corroded, inhibited regen, very slow
A: claws 1, cold resistance 1, negative energy resistance 3, inhibited
regeneration, torment resistance 2
a: Renounce Religion, Bend Time, Temporal Distortion


You were on level 3 of the Dungeon.
You worshipped Cheibriados.
Cheibriados was most pleased with you.
You visited 1 branch of the dungeon, and saw 3 of its levels.

You collected 126 gold pieces.

Inventory:

Armour
 a - a +0 pair of boots (worn)
 f - a +0 cloak (worn)
 h - a +0 chain mail (worn)
Jewellery
 j - a ring of wizardry
 m - a ring of fire
Scrolls
 b - a scroll of identify {unknown}
 c - a scroll of blinking {unknown}
 d - a scroll of fear {unknown}
 g - a scroll of enchant weapon {unknown}
 i - a scroll of magic mapping {unknown}
 k - a scroll of amnesia {unknown}
 l - a scroll of teleportation {unknown}
Potions
 e - a potion of mutation {unknown}
 n - a potion of heal wounds {unknown}


   Skills:
 * Level 3.8 Fighting
 + Level 0.5 Armour
 + Level 2.8 Dodging
 - Level 2.1 Stealth
 * Level 3.9 Unarmed Combat
 * Level 1.5 Invocations


You had 2 spell levels left.
You didn't know any spells.
Your spell library contained the following spells:

 Spells                   Type           Power      Damage    Failure   Level
 Ensorcelled Hibernation  Hex/Ice        0%         N/A       99%         2
 Passwall                 Tmut/Erth      0%         N/A       99%         2
 Swiftness                Air            0%         N/A       100%        3


Dungeon Overview and Level Annotations

Branches:
Dungeon (3/15)

Altars:
Cheibriados
Sif Muna

Shops:
D:1 *??


Innate Abilities, Weirdness & Mutations

You thrive by killing the living.
You are immune to poison.
You have sharp fingernails.
Your flesh is cold resistant. (rC+)
You are immune to negative energy. (rN+++)
You do not regenerate when monsters are visible.
You are immune to unholy pain and torment.


Message History

The jelly quivers.
A jelly is nearby!
A jelly is nearby!
The jelly barely misses you.
You scratch the jelly. The acid corrodes you!
Your claws burn!
The jelly is lightly wounded.
You scratch the jelly.
Your claws burn!
The jelly is moderately wounded.
The jelly barely misses you.
You barely miss the jelly.
The jelly is moderately wounded.
The jelly hits you. The acid corrodes you!
You are splashed with acid!
You scratch the jelly.
Your claws burn!
You claw the jelly, but do no damage.
The jelly is heavily wounded.
The jelly closely misses you.
You scratch the jelly but do no damage. The acid corrodes you!
Your claws burn!
The jelly is heavily wounded.
The jelly hits you.
You are splashed with acid!
* * * LOW HITPOINT WARNING * * *
You are too injured to fight recklessly!
You are too injured to fight recklessly!
You are too injured to fight recklessly!
You are too injured to fight recklessly!
You are too injured to fight recklessly!
You are too injured to fight recklessly!
You are too injured to fight recklessly!
You are too injured to fight recklessly!
You are too injured to fight recklessly!
You are too injured to fight recklessly!
You are too injured to fight recklessly!
You scratch the jelly. The acid corrodes you!
Your claws burn!
* * * LOW HITPOINT WARNING * * *
The jelly is heavily wounded.
The jelly barely misses you.
You scratch the jelly but do no damage.
Your claws burn!
* * * LOW HITPOINT WARNING * * *
The jelly is heavily wounded.
The jelly barely misses you.
You scratch the jelly but do no damage.
Your claws burn!
You die...

# ##.##### ##.#....
# ##.#.... ..
...... ...
#.###..### ..#
#........# ...##
#.###..#.####......
#..#...@J.(..#
#..######....# #.>#
...# #..### ....
#....####...###
##...........
###.####.###
######.# # #......#
#.# #


You could see a jelly.

Vanquished Creatures
  An adder (D:3)
  A dart slug (D:1)
  3 ball pythons
  2 endoplasms
  5 giant cockroaches
  2 goblins
  4 hobgoblins
  5 quokkas
  6 bats
  4 frilled lizards
  2 kobolds
  2 rats
37 creatures vanquished.

Notes
Turn   | Place    | Note
-------+----------+-------------------------------------------
     0 | D:1      | HallandMoats the Ghoul Monk began the quest for the Orb.
     0 | D:1      | Reached XP level 1. HP: 19/19 MP: 0/0
   337 | D:1      | Found Ypsoklus's Assorted Antiques.
   404 | D:1      | Found Xahuug's Magic Scroll Boutique.
   415 | D:1      | Reached XP level 2. HP: 26/26 MP: 1/1
   420 | D:1      | Found Pufoyteb's Magic Scroll Emporium.
   736 | D:1      | Reached skill level 1 in Invocations
  1025 | D:2      | Found a shimmering blue altar of Sif Muna.
  1259 | D:2      | Reached XP level 3. HP: 28/31 MP: 2/2
  1324 | D:2      | Found a faded altar of an unknown god.
  1490 | D:2      | Prayed at the altar of an unknown god.
  1490 | D:2      | Became a worshipper of Cheibriados the Contemplative
  1490 | D:2      | Reached * piety under Cheibriados
  1490 | D:2      | Reached ** piety under Cheibriados
  1787 | D:3      | Reached *** piety under Cheibriados
  2118 | D:3      | HP: 1/33 [acid (2)]
  2119 | D:3      | Splashed by a jelly's acid

Illustrated notes

Levels and vault maps discovered:
D:1:      minmay_arrival_semitransparent, layout_basic, serial_glass,
          glass_columns_b, glass_columns_a, serial_shops, shop,
          nicolae_shop_crystal, nicolae_shop_advertising_works
          [nicolae_subvault_shop_adworks]
D:2:      layout_basic, ebering_ecumenical_altar_abandoned, basic_altar,
          minmay_pentomino_x2
D:3:      layout_loops_ring, serial_shops,
          nicolae_shop_competitors_out_of_business, kennysheep_generic_room_10

Skill      XL: |  1  2 |
---------------+-------+-----
Invocations    | 1 |  1.5
Fighting       | |  3.8
Armour         | |  0.5
Dodging        | |  2.8
Stealth        | |  2.1
Unarmed Combat | |  3.9

Action                   || total
-------------------------++-------
Melee: Unarmed           ||   123
       Punch             ||     4
 Stab: Sleeping          ||     3
Armor: Robe              ||    10
       Chain mail        ||    40
       Skin              ||     1
Dodge: Dodged            ||    72

Table legend: (Time is in decaauts)
 A = Elapsed time spent in this place.
 B = Non-inter-level travel time spent in this place.
 C = Inter-level travel time spent in this place.
 D = Time resting spent in this place.
 E = Time spent auto-exploring this place.
 F = Levels seen in this place.
 G = Mean time per level.
                   A        B        C        D        E       F      G
               +--------+--------+--------+--------+--------+-----+--------+
         Total |   2404 |   2322 |     82 |    179 |   1800 |   3 |  801.3 |
       Dungeon |   2404 |   2322 |     82 |    179 |   1800 |   3 |  801.3 |
               +--------+--------+--------+--------+--------+-----+--------+

Top non-repeatable levels by time:
     D:1: 952 daAuts
     D:2: 839 daAuts
     D:3: 612 daAuts
